 Dungeon Crawl Stone Soup version 0.29-a0-284-gf9362112df (webtiles) character file.

Game seed: 13726585109174760138

9738 mistaj the Cleaver (level 11, -4/90 HPs)
             Began as a Demonspawn Fighter on Mar 23, 2022.
             Was a High Priest of Okawaru.
             Slain by Rupert
             ... wielding a +3 executioner's axe of electrocution
              (29 damage)
             ... on level 11 of the Dungeon.
             The game lasted 00:26:08 (12725 turns).

mistaj the Cleaver (Demonspawn Fighter)            Turns: 12725, Time: 00:26:08

Health: -4/90      AC: 24    Str: 23    XL:     11   Next: 27%
Magic:  0/14       EV:  7    Int: 11    God:    Okawaru [*****.]
Gold:   705        SH:  0    Dex: 12    Spells: 10/10 levels left

rFire   . . .      SeeInvis .   e - +8 frozen axe "Frostbite" {freezing cloud, *Noise Fly rC+}
rCold   + + .      Faith    .   (shield currently unavailable)
rNeg    . . .      Spirit   +   q - +0 plate armour
rPois   .          Reflect  .   f - +2 hat
rElec   .          Harm     .   c - scarf {repulsion}
rCorr   .          Rampage  .   r - +0 pair of gloves
Will    .....                   (no boots)
Stlth   ..........              i - amulet of Buru {Spirit Regen+ Str+3}
HPRegen 1.05/turn               h - +4 ring of protection
MPRegen 0.28/turn               K - ring of protection from cold

@: flying, repel missiles
A: horns 2, molten scales 2, ignite blood 1, magic regeneration
a: Renounce Religion, Heroism, Finesse, Duel


You were on level 11 of the Dungeon.
You worshipped Okawaru.
Okawaru was extremely pleased with you.
You visited 1 branch of the dungeon, and saw 12 of its levels.
You also visited: Ossuary.

You collected 965 gold pieces.
You spent 260 gold pieces at shops.

Inventory:

Hand Weapons
 e - the +8 frozen axe "Frostbite" (weapon) {freezing cloud, *Noise Fly rC+}
   (You acquired it on level 5 of the Dungeon)

   It freezes those it strikes, dealing additional cold damage.
   It can also slow down cold-blooded creatures.
   It occasionally leaves clouds of freezing vapour upon striking a foe.
   It grants immunity to clouds of freezing vapour.
   rC:        It protects you from cold.
   Fly:       It grants you flight.
   *Noise:    It may make noises in combat.
 C - a +0 battleaxe of venom
 P - a +2 whip of flaming
Missiles
 u - 3 throwing nets (quivered)
Armour
 c - a scarf of repulsion (worn)
 f - a +2 hat (worn)
 q - a +0 plate armour (worn)
 r - a +0 pair of gloves (worn)
 x - the +3 leather armour "Rept" {rF+ rN+++ Str-5 Dex-4}
   (You found it on level 5 of the Dungeon)

   Str:       It affects your strength (-5).
   Dex:       It affects your dexterity (-4).
   rF:        It protects you from fire.
   rN:        It renders you almost immune to negative energy.
Jewellery
 h - a +4 ring of protection (left hand)
 i - the amulet of Buru (around neck) {Spirit Regen+ Str+3}
   (You acquired it on level 9 of the Dungeon)

   [amulet of guardian spirit]

   It causes incoming damage to be divided between your reserves of health and
   magic.
   Str:       It affects your strength (+3).
   Regen:     It increases your rate of health regeneration.
 G - a ring of fire
 K - a ring of protection from cold (right hand)
 N - a ring of protection from cold
Wands
 j - a wand of mindburst (7)
 z - a wand of paralysis (1)
 A - a wand of acid (3)
 B - a wand of polymorph (12)
 F - a wand of iceblast (8)
Scrolls
 a - 6 scrolls of identify
 n - a scroll of fear
 s - a scroll of blinking {unknown}
 t - 4 scrolls of teleportation
 v - a scroll of amnesia {unknown}
 y - a scroll of enchant armour
 D - 3 scrolls of fog
Potions
 b - 2 potions of lignification
 d - 2 potions of might
 g - a potion of attraction {unknown}
 k - 2 potions of resistance
 l - 9 potions of curing
 m - 2 potions of berserk rage
 o - 2 potions of invisibility
 p - a potion of brilliance {unknown}
 w - a potion of magic {unknown}
 I - 2 potions of ambrosia
 J - 2 potions of flight {unknown}
 L - a potion of cancellation {unknown}


   Skills:
 - Level 10.0 Fighting
 * Level 11.2 Axes
 - Level 8.0 Armour
 - Level 2.6 Shields
 + Level 5.0 Invocations


You had 10 spell levels left.
You didn't know any spells.
Your spell library contained the following spells:

 Spells                   Type           Power      Damage    Failure   Level
 Freeze                   Ice            0%         1d3       99%         1
 Pain                     Necr           0%         1d4       99%         1
 Slow                     Hex            0%         N/A       99%         1
 Corpse Rot               Necr/Air       0%         N/A       100%        2
 Poisonous Vapours        Pois/Air       0%         N/A       100%        2
 Confusing Touch          Hex            0%         N/A       100%        3
 Dazzling Flash           Conj/Hex       0%         N/A       100%        3
 Frozen Ramparts          Ice            0%         1d2       100%        3
 Vampiric Draining        Necr           0%         2d6       100%        3
 Hailstorm                Conj/Ice       0%         3d3       100%        4
 Leda's Liquefaction      Hex/Erth       0%         N/A       100%        4
 Agony                    Necr           0%         N/A       100%        5
 Lee's Rapid Deconstruct  Erth           0%         3d5*      100%        5
 Silence                  Hex/Air        0%         N/A       100%        5
 Statue Form              Tmut/Erth      0%         N/A       100%        6
 Animate Skeleton         Necr           Unusable   N/A       N/A         1

Dungeon Overview and Level Annotations

Branches:
Dungeon (12/15)            Temple (0/1) D:6            Lair (0/6) D:11
    Orc (0/2) D:9         Ossuary (visited)

Altars:
Okawaru

Shops:
D:4 ?

Annotations:
D:11 Rupert


Innate Abilities, Weirdness & Mutations

You have a pair of horns on your head.
You are mostly covered in molten scales. (AC +3)
Your demonic aura sometimes causes spilled blood to erupt in flames.
You regenerate magic rapidly.


Message History

There is a stone staircase leading up here.
There is a stone staircase leading down here.
You fly downwards.
Found a jewelled hat.
There is a stone staircase leading up here.
Rupert the Wild comes into view.
He is wielding a +3 executioner's axe of electrocution.
Something hits you but does no damage.
Deactivating autopickup; reactivate with Ctrl-A.
Found a scroll of identify.
Something completely misses you.
A yak comes into view.
Something hits you but does no damage. 2 yaks come into view.
Found 22 gold pieces.
The yak bellows!
You hear a shout!
Something hits you but does no damage. Something hits you!
Rupert roars madly and goes into a rage!
Rupert goes berserk!
Something hits you but does no damage. Something hits you!
Rupert rages.
Something hits you but does no damage.
There is a stone staircase leading up here.
Something hits you but does no damage.
Rupert hits you with a +3 executioner's axe of electrocution!!
Rupert hits you with a +3 executioner's axe of electrocution!
You fly upwards.
Reactivating autopickup.
There is a stone staircase leading down here.
Something hits you but does no damage.
Deactivating autopickup; reactivate with Ctrl-A.
Rupert barely misses you.
There is a stone staircase leading up here.
Rupert hits you with a +3 executioner's axe of electrocution!!
* * * LOW HITPOINT WARNING * * *
You hear a shout!
Rupert barely misses you. Rupert attacks as you move away!
Rupert hits you with a +3 executioner's axe of electrocution!!
You die...

............#
##..........############
.#.....................#
.#.............#######.#
.................#...#.#
............##.#.#.#.#.#
.P............>#.#.#.#.#
...#....##.###<#.#.#.#.#
..##....##.....#@#'#...#
..##....###....@......##
P##≈≈≈≈## #...........#
.#≈≈≈≈≈# #...........#
.#≈≈≈≈≈# #...........#
.#≈≈≈≈≈# ##+#.....####
.#≈≈≈≈≈# #.#.#####
.#≈≈≈≈≈#####.#.#
..≈)≈≈≈....#.#.#


You could see Rupert (berserk).

Vanquished Creatures
  Harold (D:9)
  A hydra (D:11)
  Pikel (D:5)
  A cyclops (D:11)
  An ugly thing (D:11)
  Psyche (D:11)
  A troll (D:10)
  A shadow (D:10)
  2 water elementals (D:11)
  A vampire (D:9)
  A wyvern (D:5)
  8 yaks (D:10)
  A water moccasin (D:8)
  A sky beast (D:6)
  2 ice beasts (D:6)
  A black bear (D:11)
  4 orc warriors
  3 hornet zombies (Ossuary)
  6 centaurs
  A phantom (D:5)
  4 lemures
  6 kobold brigands
  7 bullfrogs
  A necrophage (D:6)
  A gnoll sergeant (D:9)
  A water moccasin zombie (Ossuary)
  2 wyvern zombies (Ossuary)
  3 scorpions
  3 wights (D:7)
  4 killer bees (D:9)
  4 howler monkeys
  3 electric eels (D:11)
  4 bullfrog zombies (Ossuary)
  4 hounds
  2 centaur zombies (Ossuary)
  2 gnoll shamans
  3 orc priests (D:10)
  6 orc wizards
  2 killer bee zombies (Ossuary)
  21 mummies (Ossuary)
  A howler monkey zombie (Ossuary)
  16 gnolls
  5 adders
  A white imp (D:6)
  3 worms
  3 dart slugs
  36 orcs
  6 ball pythons
  8 bats
  5 endoplasms
  4 giant cockroaches
  6 goblins
  8 hobgoblins
  2 jackals (D:3)
  5 quokkas
  6 frilled lizards
  41 kobolds
  2 rats
280 creatures vanquished.

Vanquished Creatures (others)
  2 fungi (D:11)
  3 plants (D:11)
  3 withered plants (Ossuary)
8 creatures vanquished.

Grand Total: 288 creatures vanquished

Notes
Turn   | Place    | Note
-------+----------+-------------------------------------------
     0 | D:1      | mistaj the Demonspawn Fighter began the quest for the Orb.
     0 | D:1      | Reached XP level 1. HP: 18/18 MP: 1/1
   193 | D:1      | Reached skill level 2 in Axes
   341 | D:1      | Gained mutation: You regenerate magic rapidly. [demonic
                  | ancestry]
   341 | D:1      | Reached XP level 2. HP: 21/24 MP: 2/2
   797 | D:2      | Found a faded altar of an unknown god.
   962 | D:2      | Reached XP level 3. HP: 17/29 MP: 3/3
  1776 | D:2      | Gained mutation: You have a pair of small horns on your
                  | head. [demonic ancestry]
  1776 | D:2      | Reached XP level 4. HP: 16/37 MP: 4/4
  3096 | D:3      | Reached skill level 3 in Axes
  3685 | D:4      | Gained mutation: You are partially covered in molten
                  | scales. (AC +2) [demonic ancestry]
  3685 | D:4      | Reached XP level 5. HP: 42/42 MP: 5/5
  3865 | D:4      | Found Soni's Magic Scroll Shop.
  4198 | D:5      | Entered Level 5 of the Dungeon
  4467 | D:5      | Noticed a phantom
  4495 | D:5      | Killed a phantom
  4496 | D:5      | Reached XP level 6. HP: 38/49 MP: 6/6
  4930 | D:5      | Noticed Pikel
  4931 | D:5      | Identified the +3 leather armour "Rept" {rF+ rN+++ Str-5
                  | Dex-4}
  4947 | D:4      | Reached skill level 4 in Axes
  5125 | D:5      | Found an iron altar of Okawaru.
  5137 | D:5      | Became a worshipper of Warmaster Okawaru
  5226 | D:5      | Reached skill level 5 in Fighting
  5576 | D:6      | Gained mutation: You have a pair of horns on your head.
                  | [demonic ancestry]
  5576 | D:6      | Reached XP level 7. HP: 52/56 MP: 7/7
  5751 | D:6      | Reached skill level 5 in Armour
  5777 | D:6      | Reached * piety under Okawaru
  5953 | D:6      | Found a staircase to the Ecumenical Temple.
  6029 | D:6      | Reached skill level 5 in Axes
  6561 | D:6      | Gained mutation: You are mostly covered in molten scales.
                  | (AC +3) [demonic ancestry]
  6561 | D:6      | Reached XP level 8. HP: 64/64 MP: 8/8
  7208 | D:7      | Reached ** piety under Okawaru
  7315 | D:7      | Reached skill level 6 in Axes
  7322 | D:7      | HP: 2/62 [wight/+3 mace (12)]
  8352 | D:7      | Reached XP level 9. HP: 54/72 MP: 9/9
  8652 | D:8      | Found a sand-covered staircase.
  8658 | Ossuary  | Entered an ossuary
  8785 | Ossuary  | Reached skill level 7 in Axes
  8834 | Ossuary  | Reached *** piety under Okawaru
  9980 | D:5      | Killed Pikel
 10012 | D:5      | Identified a scroll of acquirement
 10012 | D:5      | Acquired the +8 frozen axe "Frostbite" {freezing cloud,
                  | *Noise Fly rC+}
 10012 | D:5      | Found the +8 frozen axe "Frostbite" {freezing cloud, *Noise
                  | Fly rC+}
 10214 | D:9      | Gained mutation: Your demonic aura sometimes causes spilled
                  | blood to erupt in flames. [demonic ancestry]
 10214 | D:9      | Reached XP level 10. HP: 82/82 MP: 10/10
 10222 | D:9      | Reached skill level 8 in Axes
 10412 | D:9      | Acquired the amulet of Buru {Spirit Regen+ Str+3}
 10608 | D:9      | Noticed Harold
 10612 | D:9      | Killed Harold
 10768 | D:9      | Reached skill level 9 in Axes
 10858 | D:9      | Found a staircase to the Orcish Mines.
 10882 | D:10     | Entered Level 10 of the Dungeon
 11031 | D:10     | Reached **** piety under Okawaru
 11132 | D:10     | Reached skill level 10 in Fighting
 11296 | D:4      | Bought a scroll of brand weapon for 260 gold pieces
 11463 | D:10     | Reached skill level 10 in Axes
 11528 | D:10     | Reached skill level 1 in Invocations
 12000 | D:11     | Noticed a cyclops
 12005 | D:11     | Killed a cyclops
 12005 | D:11     | Reached ***** piety under Okawaru
 12006 | D:11     | Reached XP level 11. HP: 79/90 MP: 11/13
 12069 | D:11     | Found a staircase to the Lair.
 12120 | D:11     | Noticed Psyche
 12130 | D:11     | Killed Psyche
 12263 | D:11     | Noticed a four-headed hydra
 12275 | D:11     | Killed a four-headed hydra
 12276 | D:11     | Reached skill level 11 in Axes
 12381 | D:11     | Received a gift from Okawaru
 12519 | D:11     | Noticed a purple ugly thing
 12528 | D:11     | Killed a purple ugly thing
 12529 | D:11     | Reached skill level 5 in Invocations
 12711 | D:12     | Noticed Rupert
 12725 | D:11     | Slain by Rupert

Illustrated notes

Levels and vault maps discovered:
D:1:      lightli_arrival_noodles, layout_basic
D:2:      layout_basic, nicolae_ecumenical_oubliette
D:3:      wad_pebble_path, layout_basic
D:4:      layout_layer_cave, serial_shops, shop, kennysheep_generic_room_5
D:5:      layout_basic, kennysheep_okawaru_gauntlet, uniq_pikel
D:6:      layout_loops_ring, temple_fountains
D:7:      layout_loops_ring
D:8:      layout_rooms, nicolae_ossuary_entry_plus, minmay_misc_feat_roman,
          hex_tiny, amcnicky_mini_pool_small
D:9:      layout_loops_cross, hiddenorc1_lemuel, amcnicky_mini_corridor_feature,
          uniq_harold
D:10:     layout_stronghold
D:11:     layout_basic, grunt_lair_entry_orc_guard_hut, serial_glass,
          glass_columns_b, glass_columns_a, due_unseen_surprise,
          minmay_strange_pillars, uniq_psyche
D:12:     layout_long_grid, dreamdust_wishing_well,
          minmay_hollow_rounded_squares, uniq_rupert

Skill      XL: |  1  2  3  4  5  6  7  8  9 10 11 |
---------------+----------------------------------+-----
Axes           | 2 3 4 5 6 7 10 11 | 11.2
Armour         | 3 4 5 6 8 |  8.0
Fighting       | 4 5 6 7 8 10 | 10.0
Invocations    | 3 5 |  5.0
Shields        | |  2.6

Action                   |  1- 3 |  4- 6 |  7- 9 | 10-12 || total
-------------------------+-------+-------+-------+-------++-------
Melee: War axe           |    93 |   183 |   413 |       ||   689
       Headbutt          |       |    22 |    79 |    23 ||   124
       Executioner's axe |       |       |     3 |   155 ||   158
       Whip              |       |       |       |     5 ||     5
Evoke: Wand              |       |       |       |     1 ||     1
  Use: Scroll            |       |       |    19 |     2 ||    21
Armor: Scale mail        |     2 |       |       |       ||     2
       Chain mail        |    68 |    23 |       |       ||    91
       Plate armour      |       |   128 |   333 |   127 ||   588
Dodge: Dodged            |    35 |    49 |   115 |    59 ||   258
Block: Buckler           |    21 |    46 |    86 |       ||   153

Table legend: (Time is in decaauts)
 A = Elapsed time spent in this place.
 B = Non-inter-level travel time spent in this place.
 C = Inter-level travel time spent in this place.
 D = Time resting spent in this place.
 E = Time spent auto-exploring this place.
 F = Levels seen in this place.
 G = Mean time per level.
                   A        B        C        D        E       F      G
               +--------+--------+--------+--------+--------+-----+--------+
         Total |  13046 |  12262 |    784 |   4062 |   4543 |  13 | 1003.5 |
       Dungeon |  12333 |  11549 |    784 |   3787 |   4486 |  12 | 1027.8 |
       Ossuary |    713 |    713 |      0 |    275 |     57 |   1 |  713.0 |
               +--------+--------+--------+--------+--------+-----+--------+

Top non-repeatable levels by time:
     D:2: 2084 daAuts
     D:5: 1784 daAuts
     D:7: 1489 daAuts
     D:6: 1397 daAuts
     D:3: 935 daAuts
     D:9: 854 daAuts
    D:11: 806 daAuts
    D:10: 805 daAuts
     D:4: 789 daAuts
     D:1: 734 daAuts
 Ossuary: 713 daAuts
     D:8: 642 daAuts
    D:12: 9 daAuts
